 Dungeon Crawl Stone Soup version 0.26-a0-800-g517d6fe721 (webtiles) character file.

Game seed: 14838026013884168832

1116 lunkers the Geomancer (level 8, -2/46 HPs)
             Began as an Octopode Earth Elementalist on Nov 11, 2020.
             Was an Initiate of Vehumet.
             Slain by an ogre
             ... wielding a +0 giant spiked club
              (14 damage)
             ... on level 5 of the Dungeon.
             The game lasted 00:17:19 (7055 turns).

lunkers the Geomancer (Octopode Earth Elementalist) Turns: 7055, Time: 00:17:20

Health: -2/46      AC:  1    Str:  7    XL:     8   Next: 34%
Magic:  2/16       EV: 13    Int: 19    God:    Vehumet [......]
Gold:   232        SH:  0    Dex: 13    Spells: 11/17 levels left

rFire    . . .     SeeInvis .   g - +0 dagger (speed)
rCold    . . .     Faith    .   (no shield)
rNeg     . . .     Spirit   .   (helmet restricted)
rPois    .         Reflect  .   (no amulet)
rElec    .         Harm     .   (no ring)
rCorr    .         Rampage  .   (no ring)
MR       .....                  (no ring)
Stlth    +++.......             (no ring)
HPRegen  0.15/turn              (no ring)
MPRegen  0.15/turn              (no ring)
                                (no ring)
                                (no ring)

@: no status effects
A: almost no armour, stealthy swim, amphibious, 8 rings, constrict 8, camouflage
1, gelatinous body 1
a: Renounce Religion


You were on level 5 of the Dungeon.
You worshipped Vehumet.
Vehumet was noncommittal.
You visited 2 branches of the dungeon, and saw 6 of its levels.

You collected 232 gold pieces.

Inventory:

Hand Weapons
 g - a +0 dagger of speed (weapon)
Missiles
 b - 57 stones (quivered)
Jewellery
 r - an uncursed ring of protection from cold {unknown}
 s - an uncursed ring of resist corrosion {unknown}
Wands
 m - a wand of paralysis (6)
 p - a wand of polymorph (10)
Scrolls
 c - 5 scrolls of identify {unknown}
 e - a scroll of noise {unknown}
 f - a scroll of teleportation {unknown}
 h - 2 scrolls of immolation {unknown}
 i - a scroll of enchant armour {unknown}
 k - a scroll of remove curse {unknown}
 o - 2 scrolls of blinking {unknown}
 q - a scroll of fear {unknown}
Potions
 a - 2 potions of lignification {unknown}
 d - 2 potions of brilliance {unknown}
 j - 2 potions of curing {unknown}
 l - a potion of flight {unknown}
 n - 3 potions of heal wounds {unknown}


   Skills:
 - Level 2.0 Dodging
 - Level 2.6 Stealth
 + Level 5.3 Spellcasting
 - Level 1.0 Transmutations
 * Level 8.4 Earth Magic


You had 11 spell levels left.
You knew the following spells:

 Your Spells              Type           Power        Failure   Level
a - Stone Arrow           Conj/Erth      ###...       6%          3
b - Passwall              Tmut/Erth      ###.....     2%          2
c - Sandblast             Erth           #####.       1%          1

Your spell library contained the following spells:

 Spells                   Type           Power        Failure   Level
 Lee's Rapid Deconstruct  Erth           #####.....   11%         5
 Petrify                  Tmut/Erth      ###.....     17%         4


Dungeon Overview and Level Annotations

Branches:
Dungeon (5/15)             Temple (1/1) D:4

Altars:
Cheibriados
Dithmenos
Elyvilon
Fedhas
Gozag
Hepliaklqana
Kikubaaqudgha
Makhleb
Nemelex Xobeh
Okawaru
Qazlal
Ru
Sif Muna
Trog
Uskayaw
Vehumet
Wu Jian
Xom
Yredelemnul
Zin
The Shining One

Portals:
Abyss: D:3

Annotations:
D:3 2 transporters, Towns's ghost, amateur OpTm
D:4 1 runed translucent door


Innate Abilities, Weirdness & Mutations

You cannot wear most types of armour.
You are very stealthy in the water. (Stealth+)
You are amphibious.
You can wear up to eight rings at the same time.
You can use your tentacles to constrict eight enemies at once.
Your skin changes colour to match your surroundings (Stealth+).
Your rubbery body absorbs attacks. (AC +1, EV +1)


Message History

Press: ? - help, Shift-Dir - straight line, f/p - howler monkey zombie
Aim: a howler monkey zombie (severely damaged)
The blast of sand hits the worker ant!
You kill the worker ant!
Vehumet accepts your kill.
b - 58 stones
* * * LOW MAGIC WARNING * * *
The centaur shoots an arrow.
The arrow closely misses you.
Unknown command.
Casting: Sandblast (safe; 1% risk of failure)
Confirm with . or Enter, or press ? or * to list all spells.
Aiming: Sandblast (safe; 1% risk of failure)
Press: ? - help, Shift-Dir - straight line, f/p - howler monkey zombie
Aim: a howler monkey zombie (severely damaged)
The blast of sand hits the ogre.
The ogre is lightly wounded.
b - 57 stones
* * * LOW MAGIC WARNING * * *
The ogre hits you with a +0 giant spiked club!
You die...

..# .## #.....#
...# ..# #.#.#.#
#...# #.# #.#.#.#
#..?. #.##
#####.#.#.# ##!.$#
#.. #.....#.###
#../(.##.#
#.#.........
#..(#.#
#.#.#...####
##..(B#####<#.#.###
##.ZcO@......#.#
.......Z#####.###.#
.......## #.....#
######## #.#####
###


You could see an ogre, a centaur, a worker ant, a howler monkey zombie and a
bullfrog skeleton.

Vanquished Creatures
  2 sky beasts (D:5)
  A phantom (D:5)
  2 ogres
  A scorpion (D:4)
  A howler monkey (D:5)
  4 orc priests
  3 orc wizards
  7 worker ants
  4 gnolls (D:2)
  8 adders
  A white imp (D:4)
  2 ufetubi (D:5)
  A worm (D:2)
  2 dart slugs
  2 leopard geckos (D:3)
  9 orcs
  5 giant cockroaches
  16 goblins
  6 hobgoblins
  4 jackals (D:4)
  2 quokkas
  A ball python (D:1)
  8 bats
  3 frilled lizards
  A jackal skeleton (D:5)
  13 kobolds
  A leopard gecko skeleton (D:5)
  A leopard gecko zombie (D:5)
  4 rats
115 creatures vanquished.

Notes
Turn   | Place    | Note
-------+----------+-------------------------------------------
     0 | D:1      | lunkers the Octopode Earth Elementalist began the quest for
                  | the Orb.
     0 | D:1      | Reached XP level 1. HP: 11/11 MP: 3/3
   234 | D:1      | Reached XP level 2. HP: 17/17 MP: 3/5
   772 | D:2      | Reached XP level 3. HP: 21/21 MP: 3/6
   867 | D:2      | Reached skill level 4 in Earth Magic
  1356 | D:2      | Reached XP level 4. HP: 27/27 MP: 6/8
  1485 | D:2      | Reached XP level 5. HP: 24/31 MP: 0/9
  1667 | D:3      | Reached skill level 5 in Earth Magic
  1761 | D:2      | Learned a level 2 spell: Passwall
  1765 | D:2      | Learned a level 3 spell: Stone Arrow
  1905 | D:3      | Found a faded altar of an unknown god.
  2353 | D:3      | Reached XP level 6. HP: 36/36 MP: 1/11
  2468 | D:3      | Found a transporter.
  2922 | D:3      | Noticed a small abomination
  2924 | D:3      | Noticed a small abomination
  2939 | D:3      | Noticed an ancient zyme
  2940 | D:3      | Found a transporter.
  3008 | D:3      | Found a one-way gate to the infinite horrors of the Abyss.
  3008 | D:3      | Noticed Towns's ghost (amateur OpTm)
  3215 | D:3      | Reached skill level 6 in Earth Magic
  3658 | D:4      | Found a glowing silver altar of Zin.
  3659 | D:4      | Found a runed translucent door.
  3659 | D:4      | Noticed an angel
  4108 | D:4      | Reached XP level 7. HP: 29/41 MP: 13/13
  4230 | D:4      | Found a staircase to the Ecumenical Temple.
  4257 | Temple   | Entered the Ecumenical Temple
  5014 | Temple   | Became a worshipper of Vehumet
  5706 | D:4      | Reached skill level 7 in Earth Magic
  6022 | D:5      | Entered Level 5 of the Dungeon
  6315 | D:4      | Upgraded the game from 0.26-a0-778-g3fe0686644 to
                  | 0.26-a0-800-g517d6fe721
  6440 | D:5      | Reached skill level 5 in Spellcasting
  6440 | D:5      | Reached XP level 8. HP: 46/46 MP: 4/15
  6587 | D:5      | Reached skill level 8 in Earth Magic
  7055 | D:5      | Slain by an ogre

Illustrated notes

Levels and vault maps discovered:
D:1:      eino_arrival_water_star, layout_basic
D:2:      layout_loops_ring
D:3:      wander_river, layout_rooms, gammafunk_ghost_abyssal_escape,
          chequers_ecumenical_altar_simple_redux, minmay_ogre_servants
D:4:      layout_basic, temple_pool_b, minmay_misc_feat_x, lemuel_angel_altar
D:5:      minmay_evil_eye, layout_basic, minmay_circle_x
Temple:   nicolae_temple_the_god_donut

Skill      XL: |  1  2  3  4  5  6  7  8 |
---------------+-------------------------+-----
Earth Magic    | 4 5 6 7 8 |  8.4
Spellcasting   | 3 4 5 |  5.3
Dodging        | |  2.0
Stealth        | |  2.6
Transmutations | |  1.0

Action                   |  1- 3 |  4- 6 |  7- 9 || total
-------------------------+-------+-------+-------++-------
Melee: Dagger            |     4 |   129 |     9 ||   142
       Constrict         |     1 |    29 |     1 ||    31
       Tentacles         |     1 |    18 |     1 ||    20
 Cast: Sandblast         |    38 |    48 |    17 ||   103
       Stone Arrow       |       |    15 |    43 ||    58
 Stab: Sleeping          |       |     3 |       ||     3
Armor: Skin              |       |     7 |     4 ||    11
Dodge: Dodged            |     6 |    73 |    20 ||    99

Table legend: (Time is in decaauts)
 A = Elapsed time spent in this place.
 B = Non-inter-level travel time spent in this place.
 C = Inter-level travel time spent in this place.
 D = Time resting spent in this place.
 E = Time spent auto-exploring this place.
 F = Levels seen in this place.
 G = Mean time per level.
                   A        B        C        D        E       F      G
               +--------+--------+--------+--------+--------+-----+--------+
         Total |   7016 |   6838 |    178 |    683 |   5044 |   6 | 1169.3 |
       Dungeon |   6232 |   6125 |    107 |    683 |   4333 |   5 | 1246.4 |
        Temple |    783 |    712 |     71 |      0 |    711 |   1 |  783.0 |
               +--------+--------+--------+--------+--------+-----+--------+

Top non-repeatable levels by time:
     D:4: 1958 daAuts
     D:3: 1514 daAuts
     D:2: 1459 daAuts
  Temple: 783 daAuts
     D:5: 762 daAuts
     D:1: 537 daAuts
